 Dungeon Crawl Stone Soup version 0.24.0-13-gcf9b319 (webtiles) character file.

Game seed: 8468709456855260626, levelgen mode: deterministic

254 Inchmeat the Twirler (level 6, -10/35 HPs)
             Began as a Gargoyle Gladiator on Mar 1, 2020.
             Killed from afar by Ijyb (17 damage)
             ... with a bolt of acid
             ... on level 3 of the Dungeon.
             The game lasted 00:03:57 (2559 turns).

Inchmeat the Twirler (Gargoyle Gladiator)           Turns: 2559, Time: 00:03:58

Health: -10/35     AC: 13    Str: 19    XL:     6   Next: 15%
Magic:  6/6        EV:  8    Int:  9    God:
Gold:   181        SH:  0    Dex: 11    Spells: 5/5 levels left

rFire    . . .     SeeInvis .   a - +0 quarterstaff
rCold    . . .     Gourm    .   (shield currently unavailable)
rNeg     + . .     Faith    .   l - +0 chain mail
rPois    ∞         Spirit   .   c - +0 helmet
rElec    +         Reflect  .   (no cloak)
rCorr    .         Harm     .   (no gloves)
MR       .....                  (no boots)
Stlth    ..........             (no amulet)
HPRegen  0.11/turn              (no ring)
MPRegen  0.10/turn              (no ring)

@: no status effects
A: negative energy resistance 1, electricity resistance, unbreathing,
petrification resistance, rot immunity, AC +4
a: no special abilities


You were on level 3 of the Dungeon.
You were hungry.

You visited 1 branch of the dungeon, and saw 3 of its levels.

You collected 181 gold pieces.

Inventory:

Hand Weapons
 a - a +0 quarterstaff (weapon)
Missiles
 d - 3 throwing nets (quivered)
Armour
 c - a +0 helmet (worn)
 l - a +0 chain mail (worn)
Scrolls
 e - 5 scrolls of identify {unknown}
 h - 2 scrolls of remove curse {unknown}
 j - 2 scrolls of teleportation {unknown}
 k - a scroll of fear {unknown}
Potions
 b - 2 potions of heal wounds {unknown}
 g - 2 potions of invisibility {unknown}
 i - 2 potions of curing {unknown}
 m - a potion of ambrosia {unknown}
 n - a potion of degeneration {unknown}
Comestibles
 f - 9 rations
 o - a chunk of flesh


   Skills:
 - Level 2.1 Fighting
 + Level 6.7 Staves
 - Level 1.7 Throwing
 - Level 2.4 Dodging


You had 5 spell levels left.
You didn't know any spells.
Your spell library was empty.

Dungeon Overview and Level Annotations

Branches:
Dungeon (3/15)

Altars:
Nemelex Xobeh

Annotations:
D:3 Ijyb


Innate Abilities, Weirdness & Mutations

You are resistant to torment.
Your stone body is resilient. (AC +4)
You are immune to poison.
You resist negative energy. (rN+)
You are resistant to electric shocks. (rElec)
You can survive without breathing.
You are immune to petrification.
You are immune to rotting.


Message History

Ye be too injured ta fight recklessly!
Ye be too injured ta fight recklessly!
Ye be too injured ta fight recklessly!
Ye be too injured ta fight recklessly!
Ye be too injured ta fight recklessly!
Ye be too injured ta fight recklessly!
Ye be too injured ta fight recklessly!
Ye be too injured ta fight recklessly!
Ye be too injured ta fight recklessly!
Ye be too injured ta fight recklessly!
Ye be too injured ta fight recklessly!
Ye be too injured ta fight recklessly!
Ye be too injured ta fight recklessly!
Throwin' (i - inventory)
d - 4 throwin' nets (quiv'red)
Press: ? - help, Shift-Dir - straight line, f - Ijyb
Aim: Ijyb, wearin' a +0 leathar armour an' carryin' a wand o' acid (9) (severely wounded) Ye throw a throwin' net.
Tha throwin' net completely misses Ijyb.
Ijyb zaps a wand.
Tha bolt o' acid hits ye!
Ye die...

..............................#.#
###.#######........###.########.#
#.# #..#.....###.########.# #..
........................ ###
##..#.##..###.#...###...
..#.....# #.#...# #... #.##..#
#.#...###... ##..#.##..#
#.#......... (.....g@..#
#.#######.#.
###.#.##............(.#. #.
#.##.#.........#. ##
#.##.##.#.........#.
.......##.#..........<
############.#.##.##.#########.##
...............##.##.# #.#
###.########.#.##.##.# #.#
#......####.#.##.##.# ###.##


You could see Ijyb.

Vanquished Creatures
  An ogre (D:3)
  A bullfrog skeleton (D:3)
  An orc wizard (D:3)
  2 adders (D:3)
  An ooze (D:2)
  3 leopard geckos
  7 orcs (D:3)
  3 giant cockroaches
  11 goblins
  7 hobgoblins
  2 jackals (D:2)
  A quokka (D:2)
  A ball python (D:2)
  12 bats
  2 frilled lizards
  5 kobolds
  15 rats
75 creatures vanquished.

Notes
Turn   | Place    | Note
-------+----------+-------------------------------------------
     0 | D:1      | Inchmeat the Gargoyle Gladiator began the quest for the
                  | Orb.
     0 | D:1      | Reached XP level 1. HP: 12/12 MP: 1/1
   229 | D:1      | Reached XP level 2. HP: 15/17 MP: 2/2
   527 | D:1      | Reached skill level 4 in Staves
   655 | D:1      | Reached XP level 3. HP: 21/21 MP: 3/3
  1099 | D:2      | Found a sparkling altar of Nemelex Xobeh.
  1612 | D:2      | Reached XP level 4. HP: 26/26 MP: 4/4
  1985 | D:3      | Reached skill level 5 in Staves
  2052 | D:3      | Noticed an ogre
  2065 | D:3      | Killed an ogre
  2065 | D:3      | Reached XP level 5. HP: 24/30 MP: 5/5
  2092 | D:3      | Reached skill level 6 in Staves
  2333 | D:3      | Reached XP level 6. HP: 29/35 MP: 6/6
  2549 | D:3      | Noticed Ijyb
  2559 | D:3      | Killed from afar by Ijyb

Levels and vault maps discovered:
D:1:      dpeg_arrival_simpleton_b, layout_loops_ring
D:2:      cheibrodos_greedy_goblins, layout_loops_ring,
          nemelex_xobeh_ov_fountains_minmay, serial_co_window_serial,
          co_window_paths_a, co_window_corner_a, co_window_paths_b,
          co_window_corner_a, co_window_corner_a, co_window_paths_a,
          co_window_paths_b, co_window_corner_cb, co_window_broadway_c,
          co_window_2corner, co_window_broadway_b, co_window_4corner_a,
          co_window_paths_d
D:3:      layout_basic, uniq_ijyb

Skill      XL: |  1  2  3  4  5 |
---------------+----------------+-----
Staves         | 4 5 6 |  6.7
Fighting       | |  2.1
Throwing       | |  1.7
Dodging        | |  2.4

Action                   |  1- 3 |  4- 6 || total
-------------------------+-------+-------++-------
Melee: Quarterstaff      |   130 |   102 ||   232
Throw: Throwing net      |       |     2 ||     2
 Stab: Held in net/web   |       |     3 ||     3
  Eat: Chunk             |     2 |     3 ||     5
Armor: Leather armour    |    36 |       ||    36
       Chain mail        |    29 |    95 ||   124
Dodge: Dodged            |   102 |    48 ||   150
